 Dungeon Crawl Stone Soup version 0.30-a0-341-g682706514a (webtiles) character file.

Game seed: 723066922744288353

315 pokeman the Magician (level 6, -6/34 HPs)
             Began as a Deep Elf Hedge Wizard on Nov 2, 2022.
             Killed by nerve-wracking pain
             ... invoked by Grinder
              (13 damage)
             ... on level 3 of the Dungeon.
             The game lasted 00:06:30 (3881 turns).

pokeman the Magician (Deep Elf Hedge Wizard)        Turns: 3881, Time: 00:06:31

Health: -6/34      AC:  4    Str:  7    XL:     6   Next: 19%
Magic:  2/17       EV: 12    Int: 21    God:
Gold:   226        SH:  0    Dex: 14    Spells: 10/18 levels left

rFire   . . .      SeeInvis .    b - +1 mace (venom)
rCold   . . .      Faith    .    (no shield)
rNeg    . . .      Spirit   .    l - +0 leather armour
rPois   .          Reflect  .    o - +0 helmet
rElec   .          Harm     .    (no cloak)
rCorr   .          Rampage  .    (no gloves)
Will    .....                    (no boots)
Stlth   ++........               (no amulet)
HPRegen 0.25/turn                (no ring)
MPRegen 0.15/turn                (no ring)

@: on blink cooldown
A: no striking features
a: no special abilities


You were on level 3 of the Dungeon.
You visited 1 branch of the dungeon, and saw 3 of its levels.

You collected 226 gold pieces.

Inventory:

Hand Weapons
 b - a +1 mace of venom (weapon)
Armour
 l - a +0 leather armour (worn)
 o - a +0 helmet (worn)
Wands
 r - a wand of iceblast (4)
Scrolls
 a - a scroll of amnesia {unknown}
 c - a scroll of magic mapping {unknown}
 e - a scroll of brand weapon {unknown}
 f - 3 scrolls of immolation {unknown}
 g - 8 scrolls of identify {unknown}
 m - a scroll of poison {unknown}
 n - a scroll of teleportation {unknown}
 p - a scroll of blinking {unknown}
 s - 2 scrolls of butterflies {unknown}
Potions
 d - 2 potions of magic
 h - a potion of haste {unknown}
 i - a potion of flight {unknown}
 j - 4 potions of curing
 k - 2 potions of brilliance {unknown}
 q - a potion of berserk rage {unknown}
 t - 2 potions of ambrosia {unknown}


   Skills:
 - Level 1.0 Fighting
 - Level 1.0 Armour
 - Level 3.0 Dodging
 - Level 3.0 Stealth
 * Level 6.9 Spellcasting
 + Level 3.1 Conjurations
 - Level 1.1 Summonings
 - Level 1.1 Translocations
 - Level 1.3 Air Magic
 + Level 0.0 Poison Magic
 + Level 1.7 Evocations


You had 10 spell levels left.
You knew the following spells:

 Your Spells              Type           Power      Damage    Failure   Level
a - Magic Dart            Conj           80%        1d7       3%          1
b - Mephitic Cloud        Conj/Pois/Air  13%        N/A       22%         3
c - Call Imp              Summ           11%        N/A       13%         2
d - Blink                 Tloc           22%        N/A       13%         2

Your spell library contained the following spells:

 Spells                   Type           Power      Damage    Failure   Level
 Slow                     Hex            28%        N/A       13%         1
 Sting                    Tmut/Pois      28%        1d4       13%         1
 Poisonous Vapours        Pois/Air       18%        N/A       16%         2
 Cigotuvi's Dreadful Rot  Necr/Pois/Air  18%        N/A       17%         2
 Summon Lightning Spire   Summ/Air       12%        N/A       61%         4
 Olgreb's Toxic Radiance  Pois           7%         N/A       78%         4
 Storm Form               Tmut/Air       4%         N/A       100%        7
 Maxwell's Capacitive Co  Air            6%         ∞         100%        8


Dungeon Overview and Level Annotations

Branches:
Dungeon (3/15)

Altars:

Annotations:
D:3 1 runed translucent door, Crazy Yiuf, Grinder


Message History

Casting: Magic Dart (safe; 3% risk of failure)
Confirm with . or Enter, or press ? or * to list all spells.
Aiming: Magic Dart (safe; 3% risk of failure)
Press: ? - help, Shift-Dir - straight line, f/p - Grinder
Aim: Grinder (severely wounded, 100% to hit)
The magic dart hits Grinder!
Grinder is almost dead.
Grinder gestures at you.
You suddenly lose the ability to move!
Grinder hits you.
You writhe in agony.
Grinder hits you!
You writhe in agony.
Grinder hits you.
You writhe in agony.
* * * LOW HITPOINT WARNING * * *
Grinder gestures at you.
You shrug off the repeated paralysis!
You can move again.
Casting: Magic Dart (safe; 3% risk of failure)
Confirm with . or Enter, or press ? or * to list all spells.
You blink.
Grinder gestures at you. You resist with some effort.
Casting: Blink (safe; 13% risk of failure)
Confirm with . or Enter, or press ? or * to list all spells.
Aiming: Magic Dart (safe; 3% risk of failure)
Press: ? - help, Shift-Dir - straight line, f/p - Grinder
Aim: Grinder (almost dead, 100% to hit)
The magic dart hits Grinder.
Grinder is almost dead.
Grinder blinks!
Unknown command.
Casting: Magic Dart (safe; 3% risk of failure)
Confirm with . or Enter, or press ? or * to list all spells.
Aiming: Magic Dart (safe; 3% risk of failure)
Press: ? - help, Shift-Dir - straight line, f/p - Grinder
Aim: Grinder (almost dead, 100% to hit)
The magic dart hits Grinder.
Grinder is almost dead.
Grinder gestures at you. Pain shoots through your body!
You die...

#.#..#
#..†##
###§#
##.#
##.>....#
#...##..#
#.#.##..#
#.#...5.#
#.....@.#
#########


You could see Grinder.

Vanquished Creatures
  Sigmund (D:3)
  A jelly (D:3)
  Ijyb (D:3)
  An adder (D:2)
  2 dart slugs (D:1)
  3 orcs
  6 ball pythons
  9 endoplasms
  3 giant cockroaches
  8 hobgoblins
  2 jackals (D:1)
  2 quokkas (D:1)
  8 bats
  4 frilled lizards
  16 goblins
  9 kobolds
  9 rats
85 creatures vanquished.

Notes
Turn   | Place    | Note
-------+----------+-------------------------------------------
     0 | D:1      | pokeman the Deep Elf Hedge Wizard began the quest for the
                  | Orb.
     0 | D:1      | Reached XP level 1. HP: 10/10 MP: 7/7
   295 | D:1      | Reached XP level 2. HP: 14/16 MP: 3/9
   677 | D:1      | Reached skill level 5 in Spellcasting
   880 | D:1      | Reached XP level 3. HP: 20/20 MP: 8/11
   884 | D:1      | Learned a level 3 spell: Mephitic Cloud
   887 | D:1      | Learned a level 2 spell: Call Imp
   890 | D:1      | Learned a level 2 spell: Blink
  1190 | D:1      | Found a faded altar of an unknown god.
  1332 | D:1      | Reached skill level 1 in Fighting
  1522 | D:1      | Reached skill level 1 in Armour
  2105 | D:2      | Reached XP level 4. HP: 25/25 MP: 9/13
  3208 | D:3      | Noticed Ijyb
  3219 | D:3      | Killed Ijyb
  3290 | D:3      | Reached skill level 6 in Spellcasting
  3290 | D:3      | Reached XP level 5. HP: 29/29 MP: 2/15
  3512 | D:3      | Found a runed translucent door.
  3513 | D:3      | Noticed Crazy Yiuf
  3641 | D:3      | Noticed Sigmund
  3671 | D:3      | Killed Sigmund
  3672 | D:3      | Reached skill level 1 in Air Magic
  3672 | D:3      | Reached skill level 1 in Evocations
  3672 | D:3      | Reached XP level 6. HP: 28/34 MP: 1/17
  3838 | D:3      | Noticed Grinder
  3852 | D:3      | Paralysed by Grinder for 4 turns
  3874 | D:3      | Paralysed by Grinder for 5 turns
  3881 | D:3      | Killed from afar by Grinder

Illustrated notes

Levels and vault maps discovered:
D:1:      ncdulo_smallfort, layout_loops_corners, basic_ecumenical_altar
D:2:      minmay_thinvault, layout_basic
D:3:      minmay_angry_zag, layout_basic, old_standard_altar, uniq_grinder,
          uniq_ijyb, uniq_sigmund, uniq_crazy_yiuf_cottage

Skill      XL: |  1  2  3  4  5 |
---------------+----------------+-----
Spellcasting   | 5 6 |  6.9
Fighting       | 1 |  1.0
Armour         | 1 |  1.0
Conjurations   | 2 3 |  3.1
Stealth        | 3 |  3.0
Dodging        | 3 |  3.0
Air Magic      | 1 |  1.3
Evocations     | 1 |  1.7
Summonings     | |  1.1
Translocations | |  1.1

Action                   |  1- 3 |  4- 6 || total
-------------------------+-------+-------++-------
Melee: Dagger            |     9 |       ||     9
       Mace              |     7 |    23 ||    30
 Cast: Magic Dart        |   116 |    80 ||   196
       Mephitic Cloud    |     1 |     4 ||     5
       Blink             |       |     1 ||     1
       Call Imp          |       |     1 ||     1
 Stab: Confused          |       |     2 ||     2
Armor: Robe              |     6 |       ||     6
       Leather armour    |     2 |     3 ||     5
Dodge: Dodged            |    35 |    21 ||    56

Table legend: (Time is in decaauts)
 A = Elapsed time spent in this place.
 B = Non-inter-level travel time spent in this place.
 C = Inter-level travel time spent in this place.
 D = Time resting spent in this place.
 E = Time spent auto-exploring this place.
 F = Levels seen in this place.
 G = Mean time per level.
                   A        B        C        D        E       F      G
               +--------+--------+--------+--------+--------+-----+--------+
         Total |   3891 |   3866 |     25 |      0 |   3383 |   3 | 1297.0 |
       Dungeon |   3891 |   3866 |     25 |      0 |   3383 |   3 | 1297.0 |
               +--------+--------+--------+--------+--------+-----+--------+

Top non-repeatable levels by time:
     D:1: 1690 daAuts
     D:2: 1489 daAuts
     D:3: 712 daAuts
